 Dungeon Crawl Stone Soup version 0.27-a0-333-gfa571bf19a (webtiles) character file.

Game seed: 456198585535178271

22 wakim the Stinger (level 2, 0/17 HPs)
             Began as an Octopode Venom Mage on Feb 12, 2021.
             Slain by an ooze (4 damage)
             ... on level 2 of the Dungeon.
             The game lasted 00:03:34 (1107 turns).

wakim the Stinger (Octopode Venom Mage)             Turns: 1107, Time: 00:03:35

Health: 0/17       AC:  1    Str:  7    XL:     2   Next: 91%
Magic:  5/5        EV: 13    Int: 17    God:
Gold:   105        SH:  0    Dex: 12    Spells: 2/5 levels left

rFire    . . .     SeeInvis .     - Unarmed
rCold    . . .     Faith    .   (no shield)
rNeg     . . .     Spirit   .   (helmet restricted)
rPois    .         Reflect  .   (no amulet)
rElec    .         Harm     .   (no ring)
rCorr    .         Rampage  .   (no ring)
Will     .....                  (no ring)
Stlth    +++.......             (no ring)
HPRegen  0.05/turn              (no ring)
MPRegen  0.09/turn              (no ring)
                                (no ring)
                                (no ring)

@: no status effects
A: almost no armour, stealthy swim, amphibious, 8 rings, constrict 8, camouflage
1, gelatinous body 1
a: no special abilities


You were on level 2 of the Dungeon.
You visited 1 branch of the dungeon, and saw 2 of its levels.

You collected 105 gold pieces.

Inventory:

Missiles
 b - 29 stones
Scrolls
 a - 3 scrolls of teleportation {unknown}
 d - 2 scrolls of enchant armour {unknown}
 e - a scroll of blinking {unknown}
 f - a scroll of identify {unknown}
Potions
 c - 2 potions of attraction {unknown}


   Skills:
 - Level 2.0 Dodging
 - Level 2.6 Stealth
 + Level 1.0 Unarmed Combat
 + Level 2.2 Spellcasting
 - Level 1.0 Transmutations
 * Level 4.3 Poison Magic


You had 2 spell levels left.
You knew the following spells:

 Your Spells              Type           Power        Failure   Level
a - Sting                 Tmut/Pois      44%          6%          1
b - Poisonous Vapours     Pois/Air       18%          12%         2

Your spell library contained the following spells:

 Spells                   Type           Power        Failure   Level
 Ignite Poison            Fire/Tmut/Pois 8%           26%         3
 Mephitic Cloud           Conj/Pois/Air  6%           30%         3
 Olgreb's Toxic Radiance  Pois           16%          30%         4


Dungeon Overview and Level Annotations

Branches:
Dungeon (2/15)

Altars:
Cheibriados
Fedhas
Sif Muna
Uskayaw


Innate Abilities, Weirdness & Mutations

You cannot wear most types of armour.
You are very stealthy in the water. (Stealth+)
You are amphibious.
You can wear up to eight rings at the same time.
You can use your tentacles to constrict eight enemies at once.
Your skin changes colour to match your surroundings (Stealth+).
Your rubbery body absorbs attacks. (AC +1, EV +1)


Message History

Found a robe.
Found three altars.
There is a stone staircase leading up here.
Memorise Poisonous Vapours, consuming 2 spell levels and leaving 2?
You start memorising the spell.
You continue memorising. x2
You finish memorising.
Spell assigned to 'b'.
A rat comes into view.
An ooze comes into view.
The ooze quivers.
An adder comes into view.
Found a hide-covered altar of Uskayaw.
There is a snail-covered altar of Cheibriados here.
The rat closely misses you.
You tentacle-slap the rat.
You kill the rat!
Your Unarmed Combat skill increases to level 1!
The adder barely misses you.
You see here a rat corpse.
You tentacle-slap the adder but do no damage.
You grab the adder. Your squeeze misses the adder. You constrict the adder.
The ooze closely misses you. The adder bites you.
You tentacle-slap the adder.
The adder is moderately wounded.
You constrict the adder. The adder barely misses you. The ooze hits you.
You tentacle-slap the adder.
The adder is heavily wounded.
You constrict the adder. The adder bites you. The ooze hits you.
* * * LOW HITPOINT WARNING * * *
The adder barely misses you.
You tentacle-slap the adder but do no damage.
The adder is severely wounded.
You constrict the adder. The ooze hits you.
* * * LOW HITPOINT WARNING * * *
The adder bites you.
* * * LOW HITPOINT WARNING * * *
You barely miss the adder.
The adder is almost dead.
You constrict the adder.
You kill the adder!
The ooze hits you.
You die...

#. ###
##.############
...##..............
##....#....<......#
#
#..._............##
#.#................#
#..................#
#.._..♣J._....[....#
#.....@....#########
#.........##
###..._...#
###...### #####


You could see an ooze.

Vanquished Creatures
  An adder (D:2)
  An ooze (D:1)
  A dart slug (D:1)
  2 leopard geckos (D:1)
  2 bats (D:1)
  A hobgoblin (D:1)
  2 kobolds (D:1)
  A ball python (D:1)
  2 goblins (D:1)
  3 rats
16 creatures vanquished.

Notes
Turn   | Place    | Note
-------+----------+-------------------------------------------
     0 | D:1      | wakim the Octopode Venom Mage began the quest for the Orb.
     0 | D:1      | Reached XP level 1. HP: 11/11 MP: 3/3
   271 | D:1      | Reached skill level 4 in Poison Magic
   271 | D:1      | Reached XP level 2. HP: 14/17 MP: 5/5
  1091 | D:2      | Found a blossoming altar of Fedhas.
  1091 | D:2      | Found a snail-covered altar of Cheibriados.
  1091 | D:2      | Found a shimmering blue altar of Sif Muna.
  1095 | D:2      | Learned a level 2 spell: Poisonous Vapours
  1097 | D:2      | Found a hide-covered altar of Uskayaw.
  1102 | D:2      | Reached skill level 1 in Unarmed Combat
  1107 | D:2      | Slain by an ooze

Illustrated notes

Levels and vault maps discovered:
D:1:      ebering_hopf_link, layout_loops_corners
D:2:      layout_rooms, grunt_temple_overflow_open,
          chequers_ecumenical_altar_twisty

Skill      XL: |  1  2 |
---------------+-------+-----
Poison Magic   | 4 |  4.3
Unarmed Combat | 1 |  1.0
Dodging        | |  2.0
Stealth        | |  2.6
Spellcasting   | |  2.2
Transmutations | |  1.0

Action                   || total
-------------------------++-------
Melee: Unarmed           ||    43
       Constrict         ||    12
       Tentacles         ||     6
 Cast: Sting             ||     1
 Stab: Sleeping          ||     9
Armor: Skin              ||     2
Dodge: Dodged            ||    22

Table legend: (Time is in decaauts)
 A = Elapsed time spent in this place.
 B = Non-inter-level travel time spent in this place.
 C = Inter-level travel time spent in this place.
 D = Time resting spent in this place.
 E = Time spent auto-exploring this place.
 F = Levels seen in this place.
 G = Mean time per level.
                   A        B        C        D        E       F      G
               +--------+--------+--------+--------+--------+-----+--------+
         Total |   1106 |   1079 |     27 |    248 |    651 |   2 |  553.0 |
       Dungeon |   1106 |   1079 |     27 |    248 |    651 |   2 |  553.0 |
               +--------+--------+--------+--------+--------+-----+--------+

Top non-repeatable levels by time:
     D:1: 1090 daAuts
     D:2: 15 daAuts
